[Event "*** Titled Tuesday Blitz"]
[Site "Chess.com"]
[Date "2018.06.05"]
[Round "7"]
[White "Korchmar_Vasiliy"]
[Black "TigranLPetrosyan"]
[Result "0-1"]
[WhiteElo "2706"]
[BlackElo "2814"]
[TimeControl "180+2"]
[EndTime "14:41:15 PDT"]
[Termination "TigranLPetrosyan won by resignation"]

1. d4 g6 2. e4 Bg7 3. Nc3 a6 4. f4 b5 5. Nf3 Bb7 6. Bd3 d6 7.
a4 b4 8. Ne2 Nd7 9. O-O c5 10.
c3 bxc3 11. bxc3 Ngf6 12. e5 Nd5 13. a5 O-O 14. Bd2 e6 15. Ng3 Ne7 16. Qe2 cxd4 17.
cxd4 dxe5 18. fxe5 Bxf3 19. Rxf3 Nxe5 20. dxe5 Qd4+ 21. Qf2 Qxa1+ 22. Bf1 Qxe5 23. h4 Qd4 24. Be3 Qxh4 25. Rf4 Qg5 26. Ne4 Qe5 27. Bd4 Qxd4 28. Nf6+ Qxf6 29. Rxf6 Bxf6 30. Qxf6 Nd5 31. Qe5 Rfc8 32. Bd3 Rc5 33. Kh2 Rxa5 34. Qd6 Rf8 35. Be4 Nf6 36. Bd3 Rh5+ 37. Kg1 Rd5 38. Qxa6 Rfd8 39. Bf1 Ng4 40. Qc4 h5 41. Qf4 Rf5 42.
Qc1 Rfd5 43. Qf4 Rd1 44. Qf3 R8d2 45. Qa8+ Kg7 0-1

[Event "*** Titled Tuesday Blitz"]
[Site "Chess.com"]
[Date "2018.06.05"]
[Round "7"]
[White "AlexTruskavetsky"]
[Black "gpeloui"]
[Result "1-0"]
[WhiteElo "2285"]
[BlackElo "2299"]
[TimeControl "180+2"]
[EndTime "14:41:19 PDT"]
[Termination "AlexTruskavetsky won by checkmate"]

1. d4 Nf6 2. c4 g6 3. g3 Bg7 4.
Bg2 d6 5. Nf3 O-O 6. O-O Nc6 7.
Nc3 a6 8. d5 Na5 9. Nd2 c5 10.
Rb1 Rb8 11. b3 b5 12. Bb2 e5 13. dxe6 Bxe6 14. cxb5 axb5 15. Nce4 c4 16. Bxf6 Bxf6 17. Nxf6+ Qxf6 18. Ne4 Qe5 19. f4 Qg7 20. Nxd6 cxb3 21.
axb3 Rfd8 22. e4 Qc3 23. e5 Bxb3 24. Qg4 Bc2 25. Rbc1 b4 26. Kh1 Qd2 27. f5 b3 28.
fxg6 hxg6 29. Nxf7 Qxc1 30. Rxc1 b2 31. Rf1 b1=Q 32. Nxd8 Qb5 33. Qe6+ Kg7 34. Qf6+ Kg8 35. Qf7+ Kh8 36. Qf8+ Kh7 37. Rf7# 1-0

[Event "*** Titled Tuesday Blitz"]
[Site "Chess.com"]
[Date "2018.06.05"]
[Round "7"]
[White "SantoBlue"]
[Black "milovanratkovic"]
[Result "1-0"]
[WhiteElo "2791"]
[BlackElo "2556"]
[TimeControl "180+2"]
[EndTime "14:41:20 PDT"]
[Termination "SantoBlue won by checkmate"]

1. e4 c6 2. Nf3 d5 3. Nc3 Bg4 4.
Be2 e6 5. d4 Nf6 6. e5 Nfd7 7.
h3 Bf5 8. g4 Bg6 9. h4 h5 10. Ng5 hxg4 11. Bxg4 Be7 12. Qf3 Na6 13. Ke2 Nb4 14. h5 Bf5 15. h6 gxh6 16. Nxf7 Nxc2 17. Be3 Qb6 18. Bxf5 exf5 19. Nxh8 Qxb2 20. Qh5+ Kd8 21. Rhb1 Qxc3 22. Qxf5 Qc4+ 23. Kf3 Qc3 24. Nf7+ Kc7 25. Rxb7+ Kxb7 26. Qxd7+ Ka6 27. Rb1 Nxd4+ 28. Kg4 Rg8+ 29. Kh5 Nb5 30. a4 Qd3 31. Qxc6+ Ka5 32. Rxb5+ Kxa4 33. Qa6# 1-0

[Event "*** Titled Tuesday Blitz"]
[Site "Chess.com"]
[Date "2018.06.05"]
[Round "7"]
[White "andrewtnb"]
[Black "dmosesov"]
[Result "1-0"]
[WhiteElo "2387"]
[BlackElo "2191"]
[TimeControl "180+2"]
[EndTime "14:41:23 PDT"]
[Termination "andrewtnb won on time"]

1. d4 Nf6 2. Nf3 b6 3. g3 Bb7 4. Bg2 g6 5. O-O Bg7 6. c4 O-O 7. Nc3 Ne4 8. Bd2 d6 9. Qc2 Nxd2 10. Qxd2 Nd7 11. e4 e5 12. d5 a5 13. b3 h6 14. Ne1 f5 15. Nd3 f4 16. Bh3 g5 17. Be6+ Kh8 18. f3 Nf6 19. g4 Bc8 20. Bxc8 Rxc8 21. h3 h5 22. Rf2 Qe8 23. Rg2 hxg4 24. hxg4 Qg6 25. Kf2 Kg8 26. Rh1 Kf7 27.
Rgh2 Rh8 28. Rxh8 Rxh8 29. Rxh8 Bxh8 30. Kg2 Qh6 31. Nb5 Nxg4 32. fxg4 Qh4 33. Nf2 Qg3+ 34.
Kf1 f3 35. Qe3 Bf6 36. Nxc7 Qg2+ 37. Ke1 Qg1+ 38. Kd2 Qb1 39. Qxf3 Qxa2+ 40. Ke1 a4 41. Qf5 axb3 42. Qe6+ 1-0

[Event "*** Titled Tuesday Blitz"]
[Site "Chess.com"]
[Date "2018.06.05"]
[Round "7"]
[White "nitpicker"]
[Black "tan275"]
[Result "1-0"]
[WhiteElo "2047"]
[BlackElo "1980"]
[TimeControl "180+2"]
[EndTime "14:41:23 PDT"]
[Termination "nitpicker won by resignation"]

1. d4 Nf6 2. c4 e6 3. Nf3 d5 4. g3 Bb4+ 5. Bd2 Bd6 6. Qc2 O-O 7. Bg2 c6 8. O-O Nbd7 9. Rd1 Ne4 10. Bf4 Bxf4 11.
gxf4 f5 12. Nbd2 Rf6 13. Nf1 Rh6 14. Ng3 Ndf6 15. Ne5 Ng4 16. Nxg4 fxg4 17. Bxe4 dxe4 18. Qxe4 Qh4 19. Qg2 Bd7 20. Rd3 Rf8 21. e3 Qe7 22. a3 Rh3 23. Ne4 Rh6 24. c5 Rf5 25. Ng5 Rg6 26.
Kf1 h6 27. Ne4 Rh5 28. Ke2 Rh3 29. Nd6 Qh4 30. Rh1 Qh5 31. Kd2 Rf6 32. Nxb7 Bc8 33.
Rb3 Rf8 34. Kc2 Qf5+ 35. Kc1 Bd7 36. Nd6 Be8 37. Nxf5 exf5 38. Rb7 1-0

[Event "*** Titled Tuesday Blitz"]
[Site "Chess.com"]
[Date "2018.06.05"]
[Round "7"]
[White "rasmussvane"]
[Black "littleplotkin"]
[Result "0-1"]
[WhiteElo "2570"]
[BlackElo "2452"]
[TimeControl "180+2"]
[EndTime "14:41:29 PDT"]
[Termination "littleplotkin won by resignation"]

1. Nf3 g6 2. e4 Bg7 3. d4 d6 4. Bd3 Nf6 5. O-O Bg4 6. Nbd2 Nc6 7. h3 Bxf3 8. Nxf3 O-O 9. c3 e5 10. Re1 Nd7 11. Be3 Qe7 12. Qb3 Nb6 13. Rad1 Kh8 14.
Bb5 f5 15. Bxc6 bxc6 16. exf5 Rxf5 17. dxe5 dxe5 18. Nd2 Nd5 19. Ne4 Qf7 20. c4 Nf4 21. Rd2 Rf8 22. Red1 g5 23. Rd7 Qg6 24. Rxc7 g4 25.
h4 Rh5 26. Qc2 Rxh4 27. Rd6 Qxe4 28. Qxe4 Ne2+ 29. Kf1 Ng3+ 30. Ke1 Nxe4 31. Rdxc6 Rh2 32. Rc8 Rxg2 33. Rxf8+ Bxf8 34. Rc7 g3 35. fxg3 Nxg3 36. Bg5 Ne4 37. Be3 h5 38. Rf7 Bb4+ 39. Kf1 Rxb2 40. Rf5 Ng3+ 0-1

[Event "*** Titled Tuesday Blitz"]
[Site "Chess.com"]
[Date "2018.06.05"]
[Round "7"]
[White "Caterpiller35"]
[Black "Ind1anStar"]
[Result "1/2-1/2"]
[WhiteElo "2357"]
[BlackElo "2384"]
[TimeControl "180+2"]
[EndTime "14:41:30 PDT"]
[Termination "Game drawn by agreement"]

1. d4 Nf6 2. Bg5 c5 3. d5 Qb6 4. Nc3 d6 5. Qd2 Nbd7 6. e4 g6 7. f4 Bg7 8. Rb1 h6 9. Bh4 a6 10. Nf3 Qc7 11. a4 b5 12. axb5 axb5 13. Bxb5 Ba6 14.
Bxa6 Rxa6 15. O-O O-O 16. Kh1 Rb8 17. e5 dxe5 18. fxe5 Ng4 19. Bxe7 Ngxe5 20. d6 Qc6 21. Nxe5 Nxe5 22. Nd5 Nc4 23. Qd3 Nxd6 24. Nf6+ Kh8 25. Rbd1 Nb7 26. Nd5 Ra4 27. Rxf7 Rd4 28. Qf3 Rxd1+ 29.
Qxd1 Qe6 30. Rf1 Re8 31. Nf4 Qe4 32. Bh4 Kh7 33. Re1 Qc6 34. Rxe8 Qxe8 35. h3 Qf7 36. Bg3 Qf5 37. Qd3 Bxb2 38. Qa6 Qf7 39. c4 Bg7 40. Nd5 Qd7 41. Kh2 Qf7 42. Qb6 Nd8 43. Qxd8 1/2-1/2

[Event "*** Titled Tuesday Blitz"]
[Site "Chess.com"]
[Date "2018.06.05"]
[Round "7"]
[White "W_Amadeus"]
[Black "dretch"]
[Result "0-1"]
[WhiteElo "2526"]
[BlackElo "2742"]
[TimeControl "180+2"]
[EndTime "14:41:31 PDT"]
[Termination "dretch won by resignation"]

1. d4 d5 2. c4 c6 3. Nf3 Nf6 4. Nc3 dxc4 5. a4 e6 6. e3 c5 7.
Bxc4 cxd4 8. exd4 Be7 9. O-O O-O 10. Qe2 Nc6 11. Rd1 Nb4 12. Ne5 Bd7 13. d5 exd5 14.
Nxd5 Nbxd5 15. Bxd5 Nxd5 16. Rxd5 Bg4 17. Qc4 Qxd5 18.
Qxd5 Rad8 19. Qb3 Rd1+ 20. Qxd1 Bxd1 21. Be3 Bb3 22. Bxa7 Ra8 23. Bd4 f6 24. Nd7 Rd8 25. Nc5 Rxd4 26. Nxb3 Rb4 27. Nc1 Rxb2 28. Kf1 Kf7 29.
f3 Bd6 30. h3 Kg6 31. Ne2 Kg5 32. a5 f5 33. a6 bxa6 34. Rxa6 Bc5 35. g3 g6 36. Rc6 Bb6 37. h4+ Kh6 38. Re6 Bc5 39.
h5 Kxh5 40. Nf4+ Kh6 41. Nh3 Rh2 42. Ng1 Rh1 0-1

[Event "*** Titled Tuesday Blitz"]
[Site "Chess.com"]
[Date "2018.06.05"]
[Round "7"]
[White "Bryakin_Mikhail"]
[Black "Tibmat"]
[Result "1-0"]
[WhiteElo "2653"]
[BlackElo "2408"]
[TimeControl "180+2"]
[EndTime "14:41:33 PDT"]
[Termination "Bryakin_Mikhail won by resignation"]

1. d4 Nf6 2. c4 b6 3. f3 Nc6 4. e4 e5 5. d5 Nd4 6. Be3 Bc5 7. Bf2 O-O 8. Ne2 Nxe2 9. Bxc5 bxc5 10. Bxe2 Nh5 11.
O-O Qg5 12. Nc3 Rb8 13. Rb1 d6 14. Qc1 Nf4 15. g3 Bh3 16. Kf2 f5 17. Rg1 fxe4 18.
Nxe4 Qh6 19. gxf4 Rxf4 20. Qe3 Rbf8 21. Ke1 Bf5 22. Kd2 Bxe4 23. fxe4 Qh4 24. Qg3 Qh6 25. Qe3 Qh4 26. Bd3 Qxh2+ 27. Kc3 Rf3 28. Qd2 Rf2 29. Qg5 g6 30. Rbf1 Rxf1 31. Rxf1 Rxf1 32. Bxf1 Qf2 33.
Bd3 Qd4+ 34. Kc2 Qf2+ 35. Qd2 Qd4 36. Qg2 Kg7 37. a4 a5 38. Qg5 Qe3 39. Qxe3 1-0

[Event "*** Titled Tuesday Blitz"]
[Site "Chess.com"]
[Date "2018.06.05"]
[Round "7"]
[White "KRASAVCHIK2002"]
[Black "amiralfio"]
[Result "1-0"]
[WhiteElo "2237"]
[BlackElo "2263"]
[TimeControl "180+2"]
[EndTime "14:41:37 PDT"]
[Termination "KRASAVCHIK2002 won by resignation"]

1. e4 c5 2. Nf3 d6 3. d4 Nf6 4.
Nc3 cxd4 5. Nxd4 a6 6. Be3 e5 7. Nb3 Be6 8. f3 Be7 9. Qd2 O-O 10. O-O-O a5 11. a4 Nc6 12. g4 Nb4 13. g5 Nh5 14.
Nd5 Bxd5 15. exd5 Rc8 16. c3 Qd7 17. Bb5 Qc7 18. Kb1 Na6 19. Rhg1 Rfd8 20. Qf2 Nc5 21.
Nxc5 dxc5 22. h4 f5 23. gxf6 Bxf6 24. Qg2 Nf4 25. Bxf4 exf4 26. Qg4 Qe5 27. d6 c4 28. Rge1 Qc5 29. Qe6+ Kh8 30. d7 Rb8 31. Qe8+ Qf8 32. Qxf8+ Rxf8 33. Re8 h5 34. Rde1 Kh7 35. Rxf8 Rxf8 36.
Re8 Rf7 37. d8=Q Bxd8 38. Rxd8 Re7 39. Bxc4 Re1+ 40. Ka2 Rh1 41. Bd3+ g6 42. Rd7+ Kh6 43. Rd6 Kg7 44. Rxg6+ Kf7 45. Rg5 Rxh4 46. Bg6+ Kf6 47.
Rxh5 1-0

[Event "*** Titled Tuesday Blitz"]
[Site "Chess.com"]
[Date "2018.06.05"]
[Round "7"]
[White "EndgameGrinder"]
[Black "FMJoseHerrera"]
[Result "0-1"]
[WhiteElo "2512"]
[BlackElo "2461"]
[TimeControl "180+2"]
[EndTime "14:41:38 PDT"]
[Termination "FMJoseHerrera won by resignation"]

1. e4 c5 2. Nf3 e6 3. d4 cxd4 4. Nxd4 a6 5. c4 Qc7 6. a3 d6 7.
Nc3 Nd7 8. Be3 Ngf6 9. Rc1 b6 10.
f3 Bb7 11. Be2 Be7 12. O-O Rc8 13. Qd2 h5 14. Rfd1 h4 15. Bf1 h3 16. g3 Ne5 17.
b4 Qb8 18. Na4 Bd8 19. c5 b5 20. Nb6 dxc5 21. bxc5 Rxc5 22. Rxc5 Bxb6 23. Qc1 O-O 24. Be2 Qa7 25. Rc3 Rd8 26. Nc2 Rxd1+ 27. Bxd1 Nc4 28.
Bxb6 Qxb6+ 29. Kf1 Bxe4 30. fxe4 Nxe4 31. Re3 Ned2+ 32. Ke2 Qc6 33. Kd3 Qg2 34. Kc3 Qxh2 35. Be2 Nxe3 36. Nxe3 Ne4+ 37. Kd4 Nxg3 38. Qc8+ Kh7 39.
Qc2+ g6 40. Bf3 Nf5+ 41. Kd3 Qd6+ 42. Ke2 Nd4+ 0-1

[Event "*** Titled Tuesday Blitz"]
[Site "Chess.com"]
[Date "2018.06.05"]
[Round "7"]
[White "Zhuu96"]
[Black "Fandorine"]
[Result "0-1"]
[WhiteElo "2916"]
[BlackElo "2747"]
[TimeControl "180+2"]
[EndTime "14:41:42 PDT"]
[Termination "Fandorine won by resignation"]

1. e4 c5 2. Nf3 e6 3. d4 cxd4 4. Nxd4 Nc6 5. Nc3 Qc7 6. g4 Nxd4 7. Qxd4 a6 8. Be3 Ne7 9. f4 Nc6 10. Qd2 b5 11. O-O-O Bb7 12. Bb6 Qc8 13. h4 Be7 14.
Rh3 d6 15. g5 O-O 16. h5 Rb8 17. g6 h6 18. Kb1 Ba8 19. Bf2 Bf6 20. e5 dxe5 21. Ne4 fxg6 22. Nxf6+ Rxf6 23. fxe5 Nxe5 24. Bg3 Nf3 25. Qd3 e5 26. hxg6 Qf5 27. Qb3+ Kh8 28. Qe3 Qxg6 29. Bd3 Qg5 30. Qa7 Rd8 31. Qc7 Rfd6 32.
Ka1 R6d7 33. Qb6 e4 34. Bc7 exd3 35. c3 Re8 36. a3 d2 37. Bg3 Rf7 38. Qxa6 Be4 39.
Bf2 Bc2 40. Rg3 Qxg3 41. Bxg3 Bxd1 42. Qc6 Ref8 0-1

[Event "*** Titled Tuesday Blitz"]
[Site "Chess.com"]
[Date "2018.06.05"]
[Round "7"]
[White "Shant_Sargsyan"]
[Black "Patzel09"]
[Result "1-0"]
[WhiteElo "2894"]
[BlackElo "2600"]
[TimeControl "180+2"]
[EndTime "14:41:44 PDT"]
[Termination "Shant_Sargsyan won by resignation"]

1. d4 g6 2. Nf3 Bg7 3. c4 c5 4.
dxc5 Na6 5. g3 Nxc5 6. Bg2 Nf6 7.
O-O O-O 8. Nc3 d6 9. Nd4 a6 10. b3 Rb8 11. Bb2 Bd7 12. Qd2 b5 13. cxb5 axb5 14.
b4 Na6 15. a3 Qb6 16. Rac1 Rfc8 17. Nb3 Bc6 18. e4 Nc7 19. Na5 Ba8 20. Rfe1 e6 21. h3 Nd7 22. Red1 Ne8 23. Ne2 Bxb2 24. Qxb2 Ne5 25.
Qd4 Qd8 26. Kh2 Nc6 27. Nxc6 Rxc6 28. Rxc6 Bxc6 29. Nc3 Qb6 30. Qxb6 Rxb6 31. Bf1 Kf8 32. f3 Ke7 33. Rc1 Nc7 34. Kg1 Kd7 35. Kf2 Rb7 36.
Ke3 Ra7 37. Ra1 e5 38. h4 f5 39. Bd3 fxe4 40. fxe4 Ke6 41. Be2 Ra8 42. Bd1 Ke7 43. Bb3 Ne6 44. Bd5 Kd7 45. Bxc6+ Kxc6 46. Nd5 Kd7 47. Nb6+ 1-0

[Event "*** Titled Tuesday Blitz"]
[Site "Chess.com"]
[Date "2018.06.05"]
[Round "7"]
[White "Hollywood_Chess"]
[Black "GameOverBro"]
[Result "0-1"]
[WhiteElo "2211"]
[BlackElo "2375"]
[TimeControl "180+2"]
[EndTime "14:41:45 PDT"]
[Termination "GameOverBro won by resignation"]

1. c4 d6 2. g3 Nf6 3. Bg2 g6 4. Nc3 Bg7 5. Nf3 O-O 6. O-O e5 7. d4 Nc6 8. Bg5 exd4 9. Nxd4 Ne5 10. b3 h6 11. Bf4 c6 12. Qd2 Kh7 13. h3 Qe7 14.
Rad1 Rd8 15. e4 Nh5 16. Be3 c5 17. Nde2 Bxh3 18. f4 Bxg2 19. Kxg2 Ng4 20. Bg1 Nhf6 21. Qd3 b6 22. Rfe1 Qb7 23. Qf3 h5 24. Nc1 Rd7 25.
Nd5 Re8 26. Nxf6+ Bxf6 27. Re2 Qc6 28. Nd3 Rde7 29. Rde1 Bc3 30. Rc1 Rxe4 31. Rxe4 Rxe4 32. Rxc3 Re2+ 33. Nf2 Qe8 34. a4 a5 35. Rd3 Qe6 36. f5 Ne3+ 37. Rxe3 Qxe3 38. fxg6+ fxg6 39. Qf7+ Kh8 40. Qf8+ Kh7 41. Qxd6 Qxb3 42. Qd7+ Kh6 43. Qd5 Qe3 44.
Kf1 Re1+ 45. Kg2 Re2 46. Kf1 Re1+ 47. Kg2 h4 48. gxh4 Qf4 49. Qf3 Rxg1+ 50. Kxg1 Qxf3 0-1

[Event "*** Titled Tuesday Blitz"]
[Site "Chess.com"]
[Date "2018.06.05"]
[Round "7"]
[White "Ravan_02"]
[Black "Swarnapuri"]
[Result "0-1"]
[WhiteElo "2476"]
[BlackElo "2469"]
[TimeControl "180+2"]
[EndTime "14:41:46 PDT"]
[Termination "Swarnapuri won by resignation"]

1. Nf3 Nc6 2. g3 e5 3. d3 d5 4. Bg2 g6 5. O-O Bg7 6. Nc3 Nge7 7. e4 dxe4 8. Nxe4 O-O 9. c3 h6 10. Nc5 b6 11. Nb3 Be6 12. d4 exd4 13. Nfxd4 Nxd4 14. Nxd4 Bd5 15. Bxd5 Qxd5 16. Qf3 Bxd4 17. Qxd5 Nxd5 18. cxd4 Kg7 19. Re1 Rfe8 20. Bd2 h5 21. Kg2 Kf6 22. Kf3 Re6 23. Rxe6+ Kxe6 24. Rc1 Re8 25. Bf4 Kd7 26. h4 c6 27. Be3 Re6 28. a3 a5 29. Ke2 a4 30. Kd3 b5 31. Rc2 Rf6 32. Bg5 Rf3+ 33. Ke4 Rb3 34. Bc1 f6 35. Rc5 Kd6 36. Bf4+ Nxf4 37.
Kxf4 Rxb2 38. f3 Rd2 39. Ke3 Ra2 40. Rc3 Rb2 41. Rc5 Rb3+ 42. Kf4 Rxa3 43. g4 Rd3 44. Ke4 Rd1 45. gxh5 gxh5 46. Rxh5 a3 0-1

[Event "*** Titled Tuesday Blitz"]
[Site "Chess.com"]
[Date "2018.06.05"]
[Round "7"]
[White "carlesdc96"]
[Black "rubhani"]
[Result "1-0"]
[WhiteElo "2588"]
[BlackElo "2437"]
[TimeControl "180+2"]
[EndTime "14:41:48 PDT"]
[Termination "carlesdc96 won by resignation"]

1. e4 c6 2. Nf3 d5 3. Nc3 Bg4 4.
h3 Bxf3 5. Qxf3 e6 6. d4 dxe4 7. Qxe4 Nf6 8. Qd3 Nbd7 9. g3 Be7 10. Bg2 O-O 11. O-O Qb6 12. Na4 Qa5 13. b3 Rfd8 14. Bd2 Qc7 15. Qe2 Nb6 16. Nxb6 axb6 17. c3 b5 18.
Rfc1 Qd7 19. a4 b4 20. cxb4 Qxd4 21. Bc3 Qd3 22. Qxd3 Rxd3 23. b5 Nd5 24. Be1 cxb5 25. axb5 Rxa1 26. Rxa1 Rxb3 27. Bf1 Ra3 28. Rc1 f5 29.
Bc4 Bf6 30. Kg2 Ra1 31. Rxa1 Bxa1 32. Bd2 Kf7 33. Kf3 Ke7 34. Bf4 Bd4 35. Ke2 h6 36. h4 Bf6 37. h5 Bd4 38. Kf1 Nf6 39. Be2 Ne4 40. f3 Nf6 41. g4 fxg4 42. fxg4 Nd5 43.
Bd2 Kd6 44. g5 Be3 45. gxh6 Bxd2 46. h7 1-0

[Event "*** Titled Tuesday Blitz"]
[Site "Chess.com"]
[Date "2018.06.05"]
[Round "7"]
[White "NikolaGry"]
[Black "Supernotar"]
[Result "1-0"]
[WhiteElo "2606"]
[BlackElo "2433"]
[TimeControl "180+2"]
[EndTime "14:41:51 PDT"]
[Termination "NikolaGry won by checkmate"]

1. d4 d5 2. Nf3 Nf6 3. c4 dxc4 4. Nc3 a6 5. a4 Nc6 6. e4 Bg4 7. Be3 e5 8. dxe5 Qxd1+ 9. Rxd1 Bxf3 10. gxf3 Nxe5 11.
f4 Nd3+ 12. Bxd3 cxd3 13. Rxd3 Bb4 14. e5 Ne4 15. Rd4 Bxc3+ 16. bxc3 Nc5 17. Rc4 Nd3+ 18. Ke2 O-O-O 19. Rb1 Rd5 20. Rd4 Nxf4+ 21. Bxf4 Rhd8 22. Rbd1 Rxd4 23. Rxd4 Re8 24. Kd3 Re6 25. a5 h6 26.
h4 f6 27. exf6 Rxf6 28. Bg3 Rf5 29. Rf4 Rxa5 30. Rf8+ Kd7 31. Rf7+ Ke6 32. Rxc7 g5 33.
hxg5 hxg5 34. Rxb7 Rd5+ 35. Kc2 a5 36. c4 Rc5 37.
Kc3 g4 38. Rb5 Rc6 39. Rxa5 Rb6 40. Re5+ Kf6 41. Re4 Kf5 42. c5 Rb1 43. Rc4 Ke6 44. c6 Rb8 45. Bxb8 Kd5 46. c7 g3 47. fxg3 Ke5 48.
c8=Q+ Kf6 49. Rf4+ Kg6 50. Qg4+ Kh7 51. Rf7+ Kh6 52. Bf4# 1-0

[Event "*** Titled Tuesday Blitz"]
[Site "Chess.com"]
[Date "2018.06.05"]
[Round "7"]
[White "krzysztofszczurek"]
[Black "AsaHoffmann"]
[Result "1-0"]
[WhiteElo "2189"]
[BlackElo "2053"]
[TimeControl "180+2"]
[EndTime "14:41:57 PDT"]
[Termination "krzysztofszczurek won by checkmate"]

1. e4 d6 2. Nf3 Bg4 3. d4 Nf6 4. Nc3 c6 5. Be2 e6 6. Be3 d5 7. e5 Nfd7 8. h3 Bh5 9. O-O a6 10.
Qd2 c5 11. Nh2 Bg6 12. f4 cxd4 13. Bxd4 Nc6 14. Bf2 Bc5 15. Nf3 Qb6 16. Na4 Bxf2+ 17. Rxf2 Qb4 18. Qxb4 Nxb4 19. c3 Nc2 20. Rc1 b5 21. Bd1 Ne3 22. g4 Nxd1 23. Rxd1 bxa4 24. Nd4 Be4 25. Nc6 O-O 26. f5 Rfe8 27. f6 gxf6 28. exf6 Kf8 29. g5 Rec8 30. Ne7 Rcb8 31. h4 Ne5 32. h5 Nf3+ 33. Kf1 Nxg5 34. Rd4 h6 35. Rxa4 Rb7 36. Nc6 Rc7 37. Ne5 Rb7 38. Ng4 Rab8 39. b3 Kg8 40. Nxh6+ Kh7 41. Ng4 Rg8 42. Ne5 Nh3 43.
Rh2 Rg1+ 44. Ke2 Ng5 45. Rxa6 Ra1 46. Ke3 Bf5 47. Kf4 Ne4 48. c4 Rf1+ 49. Ke3 dxc4 50. Nxc4 Rd7 51. Ra8 Ng3 52. Ne5 Rd5 53. Rg2 Rxe5+ 54.
Kd4 Rd5+ 55. Kc4 Rc1+ 56. Kb4 Rd3 57. Rf8 Kh6 58. Rg8 Kxh5 59. Rh2+ Bh3 60. Rxh3# 1-0

[Event "*** Titled Tuesday Blitz"]
[Site "Chess.com"]
[Date "2018.06.05"]
[Round "7"]
[White "FairChess_on_YouTube"]
[Black "maximlavrov"]
[Result "1-0"]
[WhiteElo "2958"]
[BlackElo "2480"]
[TimeControl "180+2"]
[EndTime "14:42:07 PDT"]
[Termination "FairChess_on_YouTube won by resignation"]

1. c4 g6 2. Nc3 Bg7 3. d4 d6 4. Nf3 e5 5. dxe5 dxe5 6. Qxd8+ Kxd8 7. Bd2 Be6 8. Ng5 Bxc4 9. b3 Be6 10. Nxe6+ fxe6 11. O-O-O Nd7 12. g3 Bh6 13. e3 Ngf6 14. Bh3 Ke7 15.
Kc2 Rad8 16. Nb5 Ne4 17. Bb4+ c5 18. Be1 Ndf6 19. Bg2 a6 20. Nc3 Nd6 21. Na4 Rc8 22. Nb6 Rcf8 23. Rf1 Bg7 24. Bc3 e4 25. h3 Nfe8 26. Ba5 Rf5 27. g4 Rf7 28. Rd2 Rhf8 29. Nc8+ Kd7 30. Nxd6 Nxd6 31. Bxe4 Ke7 32. Bh1 b5 33. f4 Rc8 34. Rfd1 Ne8 35. Bb7 Rb8 36. Bxa6 Ra8 37. Bd8+ Kf8 38. Bxb5 Rxa2+ 39. Kd3 Rxd2+ 40.
Rxd2 Nc7 41. Bc4 Ke8 42. Bxc7 Rxc7 43. Bxe6 Rc6 44. Bd5 Ra6 45. e4 Bd4 46. Kc4 Ra1 47.
f5 g5 48. e5 Re1 49. Rxd4 cxd4 50. Kxd4 Kd7 51. f6 Ra1 52. Bc4 Kc7 53. e6 1-0

[Event "*** Titled Tuesday Blitz"]
[Site "Chess.com"]
[Date "2018.06.05"]
[Round "7"]
[White "1stSecond"]
[Black "hansen"]
[Result "0-1"]
[WhiteElo "2607"]
[BlackElo "2772"]
[TimeControl "180+2"]
[EndTime "14:42:07 PDT"]
[Termination "hansen won by resignation"]

1. e4 c5 2. Nc3 e6 3. g3 Nc6 4.
Bg2 g6 5. d3 Bg7 6. f4 Nge7 7.
Be3 d6 8. Qd2 Nd4 9. Nd1 O-O 10.
c3 Ndc6 11. Nf3 b5 12. a3 f5 13.
O-O Qd7 14. Nf2 h6 15. Rfe1 Kh7 16. e5 Bb7 17. exd6 Qxd6 18. b4 cxb4 19. axb4 Qd7 20. Bc5 Rfe8 21. d4 a5 22. Nd3 axb4 23. Nxb4 Rxa1 24. Rxa1 Nxb4 25. Bxb4 Nd5 26. Bc5 Ra8 27. Rxa8 Bxa8 28. Qe1 Qc8 29. Ne5 Qa6 30. Nd3 Qa2 31.
Bf1 Nf6 32. Nb4 Qb2 33. Nd3 Qa2 34. Nb4 Qb3 35. Qa1 Bf3 36. Bxb5 Ne4 37. Ba4 Qc4 38.
Qf1 Qxc3 39. Nc2 Nxc5 40. dxc5 Qxc5+ 41. Qf2 Qc3 42. h4 Be4 43. Kh2 Qc4 44. Be8 Qxc2 45. Qxc2 Bxc2 46. h5 gxh5 47. Bg6+ Kxg6 0-1

[Event "*** Titled Tuesday Blitz"]
[Site "Chess.com"]
[Date "2018.06.05"]
[Round "7"]
[White "Alexandr_Predke"]
[Black "RiskyDecision"]
[Result "1-0"]
[WhiteElo "2653"]
[BlackElo "2503"]
[TimeControl "180+2"]
[EndTime "14:42:12 PDT"]
[Termination "Alexandr_Predke won on time"]

1. Nc3 d5 2. e4 dxe4 3. Nxe4 Nd7 4. Bc4 e6 5. Nf3 Ngf6 6. Nxf6+ Nxf6 7. d4 Be7 8. O-O O-O 9. Qe2 a6 10. a4 b6 11. Rd1 Bb7 12. Ne5 Nd5 13. Qg4 Bf6 14. Ra3 c5 15. Rh3 g6 16. Bh6 Re8 17. Bd3 Ne7 18. Bg5 Bxg5 19. Qxg5 Nf5 20. Nxf7 Qxg5 21. Nxg5 h5 22. dxc5 bxc5 23. Bc4 Kg7 24. Nxe6+ Kf6 25. Nc7 Red8 26. Re1 Rac8 27. Ne6 Rd2 28. Nf4 Nd4 29. c3 Nc2 30. Re6+ Kf5 31. Rh4 Rd1+ 32. Bf1 g5 33. Re7 gxh4 34. Rf7+ Ke4 35. f3+ Ke3 36. Nxh5 Bd5 37.
Re7+ Kd2 38. Kf2 Rd8 39. Nf4 Bb3 40. Be2 Re1 41. g4 hxg3+ 42. hxg3 Rh1 43. Kg2 Re1 44. Kf2 Rb1 45. g4 Rh8 46. Rd7+ Kc1 47. Nd3+ Kd2 48. Nxc5+ 1-0

[Event "*** Titled Tuesday Blitz"]
[Site "Chess.com"]
[Date "2018.06.05"]
[Round "7"]
[White "Rakhmanov_Aleksandr"]
[Black "mishanick"]
[Result "1-0"]
[WhiteElo "2720"]
[BlackElo "2829"]
[TimeControl "180+2"]
[EndTime "14:42:14 PDT"]
[Termination "Rakhmanov_Aleksandr won by resignation"]

1. c4 Nf6 2. Nc3 e5 3. Nf3 Nc6 4. e3 Bb4 5. Nd5 O-O 6. Nxb4 Nxb4 7. Nxe5 d6 8. Nf3 Bf5 9. d3 d5 10. a3 Na6 11. cxd5 Re8 12. Be2 Bg6 13. e4 c6 14.
dxc6 bxc6 15. O-O Nc5 16. Be3 Ne6 17. h3 c5 18. Rc1 Qb8 19. Qd2 Rd8 20. Qc3 c4 21.
Qxc4 Qxb2 22. Rc2 Qxa3 23. Ne5 Qd6 24. f4 Bh5 25. g4 Bg6 26. Nxg6 hxg6 27. e5 Qd7 28.
exf6 Rac8 29. Qa2 Nd4 30. Rxc8 Rxc8 31. Bxd4 Qxd4+ 32. Kg2 Rb8 33. Rb1 Re8 34. fxg7 Qxf4 35. Rf1 Qc7 36. Bf3 Kxg7 37. Bd5 Re7 38. Qb2+ Kh7 39.
Be4 Re6 40. Qd4 Qe7 41. Rf2 Rd6 42. Qc4 Rd7 43. Qc1 Kg7 44. Qf4 f6 45. h4 Rd8 46. h5 gxh5 47. gxh5 Rg8 48. Rf3 Kh8+ 49. Rg3 Rg5 50. Rxg5 fxg5 51. Qf5 a5 52. Qxa5 Qf6 53.
Qf5 Qg7 54. Qh7+ 1-0

[Event "*** Titled Tuesday Blitz"]
[Site "Chess.com"]
[Date "2018.06.05"]
[Round "7"]
[White "Micki-taryan"]
[Black "Grandelicious"]
[Result "1-0"]
[WhiteElo "2827"]
[BlackElo "2642"]
[TimeControl "180+2"]
[EndTime "14:42:16 PDT"]
[Termination "Micki-taryan won by checkmate"]

1. d4 Nf6 2. Nf3 d5 3. c4 e6 4. g3 Bb4+ 5. Bd2 Bd6 6. Bg2 c6 7. Bg5 Nbd7 8. Nbd2 h6 9. Bxf6 Nxf6 10. Qc2 O-O 11.
O-O b6 12. e4 Be7 13. e5 Nd7 14. Rfd1 Bb7 15. Rac1 Rc8 16. cxd5 cxd5 17. Qa4 a6 18. Bf1 Nb8 19. Qb3 Nc6 20. Qe3 Qd7 21. Bd3 Nb4 22. Bb1 Rxc1 23. Rxc1 Rc8 24. Rc3 Rxc3 25. bxc3 Nc6 26. h4 h5 27. Ng5 Nd8 28. Bh7+ Kf8 29. Qf3 Bxg5 30. hxg5 Qa4 31. g6 Qxa2 32. Nf1 Qc2 33.
Qxh5 Qxc3 34. Qh4 Qc7 35. gxf7 Qe7 36. Qg4 Nxf7 37. Bg6 a5 38. Qf3 Bc6 39. Qc3 Be8 40. Nd2 a4 41. Nf3 b5 42. Nh4 b4 43. Qc8 a3 44. Qa8 b3 45. Bc2 Nxe5 46. Bxb3 Qb4 47. Bc2 Qxd4 48. Qxa3+ Kf7 49. Qd6 g5 50. Qc7+ Bd7 51.
Ng6 Nxg6 52. Qxd7+ Ne7 53. Ba4 Qf6 54. Qe8+ Kg7 55. Bc2 Ng6 56. Qd7+ Qf7 57. Qc8 Ne5 58. Qc3 Qf6 59. Qc7+ Kh6 60. Qh7# 1-0